AoeStats
← Lespaul

Marketplace

505648017Analyzed
1v1 RM · 23d ago on Sep 10, 2026· 35m 19s· 2 players
Game mode
Random Map
Map size
Tiny (2 player)
Population
200
Speed
Normal
Resources
Standard
Victory
Conquest
Starting age
Dark Age
Ending age
Imperial Age
RankedLock teamsTeams togetherTeam positionsShared explorationLock speedFull tech treeHidden civsTurbo modeCheats
Victory
Defeat
🇧🇷 Burmese · Brazil
1850
+13
🇲🇽 Chinese · Mexico
1788
-13
Lespaul
0:26 Loom
10:53 Feudal Age
14:30 Wheelbarrow
19:06 Castle Age
22:57 Padded Archer Armor
26:30 Double-Bit Axe
26:26 Horse Collar
29:10 Fletching
31:47 Fervor
32:12 Bow Saw
32:14 Pikeman
34:33 Scale Mail Armor
Tongo
9:24 Feudal Age
11:12 Loom
12:06 Horse Collar
13:09 Town Watch
16:26 Fletching
17:24 Padded Archer Armor
19:48 Wheelbarrow
24:19 Castle Age
23:36 Gold Mining
23:36 Stone Mining
24:03 Scale Barding Armor
24:45 Bloodlines
25:07 Heavy Plow
25:30 Chain Barding Armor
26:23 Forging
28:40 Light Cavalry
31:34 Man-at-Arms
33:07 Long Swordsman
Connection lost

Rejoining the realm…

Still unreachable

The connection could not be restored.

Session expired

The server has moved on; the page needs a fresh start.